 Dungeon Crawl Stone Soup version 0.15.2 (webtiles) character file.

76 HAWKINGL3623 the Slasher (level 4, 0/39 HPs)
             Began as a Centaur Chaos Knight on Jan 26, 2016.
             Was a Plaything of Xom.
             Slain by an adder (5 damage)
             ... on Level 2 of the Dungeon.
             The game lasted 00:05:22 (1054 turns).

HAWKINGL3623 the Slasher (Centaur Chaos Knight)     Turns: 1054, Time: 00:05:23

HP   0/39        AC  7     Str 16      XL: 4   Next: 12%
MP   3/3         EV  4     Int 13      God: Xom
Gold 94          SH  0     Dex  6      Spells:  0 memorised,  3 levels left

rFire  . . .     SeeInvis .     a - +0 falchion (chaos)
rCold  . . .     Clarity  .     g - +0 chain mail
rNeg   . . .     rCorr    .     (no shield)
rPois  .         rRot     .     (helmet restricted)
rElec  .         Spirit   .     (no cloak)
SustAb .         Warding  .     (no gloves)
rMut   .         Stasis   .     (no barding)
Gourm  .                        (no amulet)
MR     .....                    (no ring)
                                (no ring)

@: lethally poisoned, very quick, not resistant to hostile enchantments,
extremely unstealthy
A: hooves 3, horns 1, clever 1, clumsy 1, deformed body, speed 2, tough skin 3
a: Renounce Religion


You were on level 2 of the Dungeon.
You worshipped Xom.
You were a special plaything of Xom.
You were not hungry.

You visited 1 branch of the dungeon, and saw 2 of its levels.

You collected 94 gold pieces.

Inventory:

Hand weapons
 a - a +0 falchion of chaos (weapon)
 e - a +2 dagger of electrocution
 h - a cursed +0 mace
Missiles
 d - 11 poisoned needles
Armour
 b - a +2 leather armour
 g - a +0 chain mail (worn)
Comestibles
 c - a bread ration
 f - a meat ration


   Skills:
 + Level 3.6 Fighting
 + Level 0.1(2.2) Short Blades
 + Level 3.7 Long Blades
 + Level 1.5 Armour
 + Level 1.1 Dodging


You had 3 spell levels left.
You didn't know any spells.

Dungeon Overview and Level Annotations

Branches:
Dungeon (2/15)

Altars:
Makhleb


Innate Abilities, Weirdness & Mutations

You have hooves in place of feet.
Armour fits poorly on your strangely shaped body.
You cover ground very quickly.
You have extremely tough skin (AC +3).
You have a pair of small horns on your head.
Your mind is acute. (Int +2)
You are clumsy. (Dex -2)


Message History

You slash the adder!
The adder goes berserk!
Xom thinks this is hilarious!
The adder is heavily wounded.
The adder bites you but does no damage. The kobold barely misses you.
The adder bites you but does no damage. The worm barely misses you.
The kobold hits you with a dagger.
You closely miss the adder.
The adder is heavily wounded.
You feel sick. The adder bites you. The adder bites you but does no damage.
The kobold hits you with a dagger. The worm bites you but does no damage.
You barely miss the adder.
The adder is heavily wounded.
The adder bites you.
* * * LOW HITPOINT WARNING * * *
You are lethally poisoned!
The adder poisons you! The adder bites you but does no damage.
The kobold hits you with a dagger.
* * * LOW HITPOINT WARNING * * *
The adder bites you.
You die...

#. #. #######
####...### ##.........
########..#...#...
#........##...##..
#####.########.._..#..
#...K@S..# ###∩#.#..
#..##w##.# #####..
#..##(# # #... #.....#
..>. #.K.#.# #...
#.......! #
#..........
#.##..#.##... #.
#....#


S You could see a worm, an adder (berserk) and a kobold.

Vanquished Creatures
  A hound (D:2)
  A gnoll (D:1)
  An adder (D:2)
  2 giant cockroaches
  3 goblins (D:1)
  5 hobgoblins
  A ball python (D:1)
  5 bats (D:1)
  A giant newt (D:1)
  6 kobolds
  5 rats
31 creatures vanquished.

Vanquished Creatures (collateral kills)
  A giant newt (D:1)
  A goblin (D:1)
2 creatures vanquished.

Grand Total: 33 creatures vanquished

Notes
Turn   | Place    | Note
--------------------------------------------------------------
     0 | D:1      | HAWKINGL3623, the Centaur Chaos Knight, began the quest for the Orb.
     0 | D:1      | Reached XP level 1. HP: 19/19 MP: 1/1
   105 | D:1      | XOM: potion effect (berserk rage)
   113 | D:1      | Reached XP level 2. HP: 26/26 MP: 2/2
   214 | D:1      | XOM: potion effect (invisibility)
   315 | D:1      | Gained mutation: You are clumsy. (Dex -2) [potion of mutation]
   315 | D:1      | Gained mutation: You have a pair of small horns on your head. [potion of mutation]
   315 | D:1      | Gained mutation: Your mind is acute. (Int +2) [potion of mutation]
   413 | D:1      | Reached XP level 3. HP: 25/31 MP: 3/3
   646 | D:1      | XOM: harmless Conj miscast
   750 | D:2      | XOM: enchant monster (bad)
   766 | D:2      | Reached skill level 1 in Dodging
   941 | D:2      | Found a burning altar of Makhleb.
   960 | D:2      | Reached XP level 4. HP: 30/39 MP: 3/3
  1054 | D:2      | Slain by an adder

Action                   |  1- 3 |  4- 6 || total
-------------------------+-------+-------++-------
Melee: Falchion          |    57 |     6 ||    63
       Dagger            |    25 |       ||    25
  Use: Scroll            |     5 |       ||     5
       Potion            |     3 |       ||     3
  Eat: Chunk             |     1 |       ||     1
